 Dungeon Crawl Stone Soup version 0.21.0-3-g78d12a8bdd (webtiles) character file.

149093 1player the Warrior (level 16, -1/135 HPs)
             Began as a Minotaur Berserker on Jan 14, 2018.
             Was a High Priest of Trog.
             Killed from afar by an Ice Fiend (23 damage)
             ... with a bolt of cold
             ... in an ice cave on Jan 16, 2018.
             The game lasted 03:17:24 (32546 turns).

1player the Warrior (Minotaur Berserker)           Turns: 32546, Time: 03:17:24

Health: -1/135     AC: 28    Str: 21      XL:     16   Next: 95%
Magic:  21/21      EV: 18    Int:  4      God:    Trog [*****.]
Gold:   629        SH: 17    Dex: 19 (20) Spells: 15/15 levels left

rFire    + . .     SeeInvis .   b - +6 scimitar (flame)
rCold    + . .     Gourm    .   L - +1 shield {AC+3}
rNeg     . . .     Faith    .   E - +3 chain mail {rPois}
rPois    +         Spirit   .   M - +1 hat
rElec    .         Reflect  +   S - scarf {rC+ rF+}
rCorr    +         Harm     .   F - +1 pair of gloves
MR       +....                  f - +1 pair of boots
Stlth    ..........             p - +3 amulet of reflection
HPRegen  0.32/turn              D - +4 ring of dexterity
MPRegen  0.17/turn              X - ring of resist corrosion

@: very slightly contaminated
A: retaliatory headbutt, horns 2, yellow scales 1, frail 1, low mp 1, weak 1
a: Berserk, Trog's Hand, Brothers in Arms, Burn Spellbooks, Renounce Religion


You were in an ice cave.
You worshipped Trog.
Trog was extremely pleased with you.
You were hungry.

You visited 6 branches of the dungeon, and saw 29 of its levels.
You also visited: Ice Cave.

You collected 2304 gold pieces.
You spent 1675 gold pieces at shops.

Inventory:

Hand Weapons
 a - the +11 falchion of Truncation {freeze, rPois rF+ MR+ Str+2}
   (You found it on level 4 of the Dungeon)

   It has been specially enchanted to freeze those struck by it, causing extra
   injury to most foes and up to half again as much damage against particularly
   susceptible opponents.
   It can also slow down cold-blooded creatures.
   It affects your strength (+2).
   It protects you from fire.
   It protects you from poison.
   It affects your resistance to hostile enchantments.
 b - a +6 scimitar of flaming (weapon)
 w - a +4 demon blade of venom
 A - the +12 double sword "Kurr" {elec, *Corrode rF+ Dex+5}
   (Trog gifted it to you on level 3 of the Snake Pit)

   Occasionally, upon striking a foe, it will discharge some electrical energy
   and cause terrible harm.
   It affects your dexterity (+5).
   It protects you from fire.
   It may corrode you when you take damage.
Armour
 f - a +1 pair of boots (worn)
 B - a +4 plate armour of magic resistance
 E - a +3 chain mail of poison resistance (worn)
 F - a +1 pair of gloves (worn)
 G - a +1 hat
 H - a +0 shield of reflection
 L - a +1 shield of protection (worn)
 M - a +1 hat (worn)
 S - a scarf of resistance (worn)
Jewellery
 n - an uncursed ring of protection from fire
 p - a +3 amulet of reflection (around neck)
 D - a +4 ring of dexterity (left hand)
 U - the amulet of the Four Winds {rN+ MR+++ Clar}
   (You bought it in a shop on level 2 of the Snake Pit)

   [amulet of nothing]

   It protects you from negative energy.
   It affects your resistance to hostile enchantments.
   It protects you against confusion.
 X - a ring of resist corrosion (right hand)
Wands
 l - a wand of digging (15)
 v - a wand of iceblast (15)
 y - a wand of acid (20)
 C - a wand of disintegration (40)
 K - a wand of paralysis (10)
 P - a wand of polymorph (6)
 Q - a wand of enslavement (17)
 V - a wand of flame (10)
Scrolls
 g - 3 scrolls of fear
 h - a scroll of enchant weapon
 j - 3 scrolls of fog
 k - a scroll of blinking
 r - 10 scrolls of teleportation
 x - 5 scrolls of remove curse
 I - a scroll of summoning
 R - 2 scrolls of holy word
 Y - a scroll of enchant armour
Potions
 c - a potion of might
 d - a potion of flight
 i - a potion of invisibility
 m - 2 potions of agility
 o - 8 potions of curing
 q - a potion of magic
 s - 3 potions of lignification
 t - 3 potions of brilliance
 u - 2 potions of berserk rage
 z - 2 potions of heal wounds
 T - a potion of cancellation
Miscellaneous
 O - a box of beasts
 W - a lamp of fire
Comestibles
 e - 33 rations


   Skills:
 + Level 15.9 Fighting
 - Level 14.0 Long Blades
   Level 6.2 Maces & Flails
 + Level 15.7 Armour
 + Level 14.6 Dodging
 + Level 12.5 Shields
 + Level 11.6 Evocations


You had 15 spell levels left.
You didn't know any spells.

Dungeon Overview and Level Annotations

Branches:
Dungeon (15/15)            Temple (0/1) D:7            Lair (6/6) D:11
 Shoals (1/4) Lair:4        Snake (4/4) Lair:4        Slime (0/5) Lair:6
    Orc (2/2) D:9             Elf (1/3) Orc:2        Vaults (0/5) D:13
 Depths (0/5) D:15

Altars:
Yredelemnul
The Shining One
Beogh
Jiyva

Shops:
D:5 [   D:6 (   Orc:2 **%(!   Snake:1 %   Snake:2 }==!

Annotations:
Lair:5 exclusion: 2 oklob plants IceCv exclusion: ice statue


Innate Abilities, Weirdness & Mutations

You reflexively headbutt those who attack you in melee.
You have a pair of horns on your head.
You are partially covered in yellow scales. (AC +2)
You are frail. (-10% HP)
Your magical capacity is low. (-10% MP)
You are weak. (Str -2)


Message History

[Y]es or [N]o only, please.
Really walk into that cloud of freezing vapour?
Okay, then.
You start resting.
You are engulfed in freezing vapours.
You resist.
Unknown command.
Evoke which item? (* to show all) (? for menu, Esc to quit)
Aiming: Disintegrate
Press: ? - help, Shift-Dir - straight line Nothing appears to happen.
You are engulfed in freezing vapours.
You resist.
Evoke which item? (* to show all) (? for menu, Esc to quit)
Aiming: Dig
Press: ? - help, Shift-Dir - straight line The rock shatters into small pieces.
You are engulfed in freezing vapours.
You resist.
An Ice Fiend comes into view.
The Ice Fiend roars!
The Ice Fiend gestures at you. The bolt of cold hits you! You resist.
You die...

###### ###§§§.###
###§§§§§..§##
##.§§§###..§§##
###..§#.#.###§§.#
##..####....##§§§# ###
#...##...@.##§§###### ##..
#..###[...........#.###...
##...##...##..§§§....#....
##...##.########.........
##..§#.# ####......
###..1###### ###....
##§§§§§§.#### ###.#
###§§§§§§§§...# ###
###§§§§§§§..##


You could see an Ice Fiend.

Vanquished Creatures
  Rupert (Snake:1)
  Kirke (Snake:1)
  Donald (Snake:1)
  A nagaraja (Snake:4)
  Aizul (Snake:1)
  An orc warlord (Orc:1)
  Nessos (D:14)
  An ettin (Orc:2)
  Erolcha (Orc:2)
  2 vault guards (D:13)
  7 hydras
  5 naga warriors
  Erica (D:9)
  A catoblepas (Lair:3)
  9 anacondas
  3 centaur warriors
  13 two-headed ogres
  2 ogre magi (Orc:2)
  2 death yaks (Lair:5)
  2 tengu warriors (D:13)
  2 orc high priests
  5 naga sharpshooters
  2 shock serpents (Snake:2)
  A deep elf knight (Orc:2)
  A salamander mystic (Snake:3)
  2 naga ritualists
  2 deep trolls (Orc:2)
  8 skeletal warriors
  3 unseen horrors
  7 sea snakes
  A deep elf archer (D:15)
  A wizard (D:15)
  3 orc knights
  A wolf spider zombie (D:15)
  2 necromancers (D:13)
  8 mana vipers
  An oklob plant (D:11)
  A lindwurm (Lair:6)
  2 orc sorcerers (Orc:2)
  6 cyclopes
  4 ugly things
  3 salamanders
  20 black mambas
  8 naga magi
  A manticore (D:11)
  3 centaur zombies
  A guardian serpent (Snake:2)
  Psyche (D:9)
  13 elephants
  A torpor snail (Lair:5)
  9 spiny frogs
  8 rime drakes
  3 kobold demonologists (D:12)
  9 ice devils (IceCv)
  2 efreet (D:15)
  6 komodo dragons
  5 polar bears (Lair:6)
  A queen bee (D:11)
  14 trolls
  5 hornets
  Grinder (D:5)
  19 blink frogs
  3 slime creatures (D:13)
  8 hippogriffs
  7 dream sheep (Lair:6)
  10 spriggans (Lair:6)
  A wraith (D:14)
  3 shadows
  2 vampires
  32 yaks
  A basilisk (Lair:1)
  19 humans (D:13)
  The ghost of 1player the Skirmisher, an amateur HOFi (D:3)
  3 wyverns
  3 vampire mosquitoes (D:15)
  A hungry ghost (D:15)
  23 nagas
  3 wargs (Orc:1)
  3 acid dragons
  8 water moccasins
  6 porcupines
  4 sky beasts
  2 eyes of draining (D:15)
  27 orc warriors
  An eye of draining (shapeshifter) (D:14)
  4 black bears
  2 ice beasts (D:10)
  4 phantoms
  5 necrophages
  33 ogres
  5 boggarts (Lair:6)
  12 centaurs
  34 wolves
  4 big kobolds
  12 crocodiles
  An elf zombie (D:9)
  12 bullfrogs
  A gnoll sergeant (D:9)
  An elf skeleton (D:9)
  3 scorpions
  12 killer bees (D:11)
  5 wights (D:11)
  3 electric eels
  3 bullfrog zombies
  5 howler monkeys
  9 crimson imps
  5 human zombies (D:9)
  6 hounds
  10 orc priests
  Crazy Yiuf (D:5)
  8 centaur skeletons
  A bullfrog skeleton (D:5)
  4 jellies
  17 orc wizards
  5 iguanas
  Jessica (D:2)
  12 worker ants
  An ogre zombie (D:9)
  A hound skeleton (D:8)
  A worker ant zombie (D:6)
  7 gnolls
  9 adders
  7 shadow imps
  9 white imps (IceCv)
  6 ufetubi (IceCv)
  3 oozes
  3 adder skeletons
  2 worms (D:2)
  5 dart slugs
  2 leopard geckos
  71 orcs
  12 bats
  4 giant cockroaches
  5 goblins
  6 hobgoblins
  11 jackals
  10 quokkas
  2 ball pythons
  2 frilled lizards (D:1)
  14 kobolds
  A leopard gecko skeleton (D:6)
  A quokka zombie (D:5)
  6 rats
  2 plants (D:11)
866 creatures vanquished.

Vanquished Creatures (collateral kills)
  An orc warlord (Orc:2)
  A frost giant (D:15)
  A naga warrior (Snake:3)
  A centaur warrior (D:15)
  A naga mage (Snake:3)
  2 elephants (Lair:3)
  An ice statue (IceCv)
  2 spiny frogs
  A black mamba (Snake:4)
  A yaktaur (D:15)
  9 yaks
  A basilisk (Lair:6)
  3 hogs (Snake:1)
  A warg (Orc:1)
  5 nagas
  5 orc warriors
  2 orc priests
  6 orcs
44 creatures vanquished.

Vanquished Creatures (others)
  A white imp (IceCv)
  An ufetubus (IceCv)
  2 bushes (Lair:6)
  12 fungi
  19 plants
35 creatures vanquished.

Grand Total: 945 creatures vanquished

Notes
Turn   | Place    | Note
-------+----------+-------------------------------------------
     0 | D:1      | 1player the Minotaur Berserker began the quest for the Orb.
     0 | D:1      | Reached XP level 1. HP: 19/19 MP: 0/0
   149 | D:1      | Reached XP level 2. HP: 24/27 MP: 1/1
   475 | D:1      | Reached XP level 3. HP: 29/33 MP: 2/2
   817 | D:1      | Reached ** piety under Trog
  1199 | D:2      | Reached XP level 4. HP: 41/41 MP: 3/3
  1426 | D:2      | Noticed Jessica
  1433 | D:2      | Killed Jessica
  2078 | D:3      | Noticed a bullfrog
  2089 | D:3      | Killed a bullfrog
  2089 | D:3      | Reached skill level 5 in Maces & Flails
  2089 | D:3      | Reached XP level 5. HP: 47/47 MP: 4/4
  2257 | D:3      | Noticed 1player's ghost (amateur HOFi)
  2263 | D:3      | Killed 1player's ghost
  2263 | D:3      | Reached skill level 5 in Fighting
  2263 | D:3      | Reached XP level 6. HP: 56/56 MP: 5/5
  2594 | D:4      | Reached *** piety under Trog
  2824 | D:4      | Got a bloodstained falchion
  2834 | D:4      | Identified the +11 falchion of Truncation {freeze, rPois rF+ MR+ Str+2} (You found it on level 4 of the Dungeon)
  3135 | D:5      | Entered Level 5 of the Dungeon
  3145 | D:5      | Reached skill level 1 in Long Blades
  3244 | D:5      | Reached XP level 7. HP: 60/61 MP: 6/6
  3298 | D:5      | Found a glowing golden altar of the Shining One.
  3350 | D:5      | Found Numanie's Armour Emporium.
  3418 | D:5      | Noticed Grinder
  3426 | D:5      | Killed Grinder
  3426 | D:5      | Reached skill level 5 in Armour
  3592 | D:5      | Found a runed door.
  3861 | D:5      | Reached skill level 5 in Dodging
  3883 | D:5      | Reached XP level 8. HP: 65/70 MP: 7/7
  4163 | D:5      | Noticed Crazy Yiuf
  4167 | D:5      | Killed Crazy Yiuf
  4467 | D:6      | Reached skill level 5 in Long Blades
  4769 | D:6      | Reached **** piety under Trog
  5006 | D:6      | Found Wampiz's Antique Weapon Shoppe.
  5668 | D:7      | Found a faded altar of an unknown god.
  5669 | D:7      | Found a staircase to the Ecumenical Temple.
  5721 | D:7      | You fall through a shaft!
  5726 | D:8      | Noticed a two-headed ogre
  5734 | D:8      | Killed a two-headed ogre
  5734 | D:8      | Reached XP level 9. HP: 81/81 MP: 8/8
  6132 | D:7      | Reached skill level 1 in Evocations
  6793 | D:8      | Found a glowing golden altar of the Shining One.
  7203 | D:9      | Noticed Erica
  7216 | D:9      | Killed Erica
  7265 | D:9      | Reached XP level 10. HP: 81/90 MP: 10/10
  7409 | D:9      | Found a staircase to the Orcish Mines.
  7600 | D:9      | Noticed Psyche
  7611 | D:9      | Killed Psyche
  7862 | D:9      | Reached ***** piety under Trog
  7912 | D:9      | Found a basalt altar of Yredelemnul.
  8087 | D:9      | Noticed a two-headed ogre
  8092 | D:9      | Killed a two-headed ogre
  8416 | D:10     | Entered Level 10 of the Dungeon
  8530 | D:10     | Reached skill level 10 in Fighting
  8535 | D:10     | Reached XP level 11. HP: 93/98 MP: 13/13
  9265 | D:11     | Reached skill level 10 in Long Blades
  9308 | D:11     | Found a staircase to the Lair.
  9308 | D:11     | Noticed an oklob plant
  9352 | D:11     | Received a gift from Trog
  9524 | D:11     | Reached skill level 5 in Evocations
  9587 | D:11     | Reached skill level 10 in Armour
 10217 | Lair:1   | Entered Level 1 of the Lair of Beasts
 11357 | Lair:2   | Noticed a five-headed hydra
 11366 | Lair:2   | Killed a one-headed hydra
 11366 | Lair:2   | Reached XP level 12. HP: 109/109 MP: 16/16
 11380 | Lair:2   | Reached skill level 10 in Dodging
 11381 | Lair:2   | Received a gift from Trog
 11801 | Lair:2   | Noticed a five-headed hydra
 11810 | Lair:2   | Killed a one-headed hydra
 12503 | Lair:3   | Noticed a four-headed hydra
 12513 | Lair:3   | Killed a one-headed hydra
 12726 | Lair:3   | Noticed a catoblepas
 12736 | Lair:3   | Killed a catoblepas
 12790 | Lair:3   | Reached skill level 1 in Shields
 12833 | Lair:3   | Reached XP level 13. HP: 108/117 MP: 17/17
 13775 | Lair:4   | Found a staircase to the Shoals.
 13778 | Lair:4   | Received a gift from Trog
 13859 | Lair:4   | Found a staircase to the Snake Pit.
 14363 | Lair:4   | Gained mutation: Your magical capacity is low. (-10% MP) [potion of mutation]
 14363 | Lair:4   | Gained mutation: You are frail. (-10% HP) [potion of mutation]
 14363 | Lair:4   | Gained mutation: You are partially covered in yellow scales. (AC +2) [potion of mutation]
 14703 | Lair:5   | Reached skill level 5 in Shields
 15466 | Lair:6   | Entered Level 6 of the Lair of Beasts
 15466 | Lair:6   | Found a staircase to the Slime Pits.
 15466 | Lair:6   | Found a viscous altar of Jiyva.
 16327 | Lair:6   | Reached XP level 14. HP: 115/115 MP: 17/17
 17349 | D:12     | Found a roughly hewn altar of Beogh.
 17811 | D:12     | Received a gift from Trog
 18086 | Orc:1    | Entered Level 1 of the Orcish Mines
 18096 | Orc:1    | Noticed an orc warlord
 18112 | Orc:1    | Killed an orc warlord
 19184 | Orc:2    | Entered Level 2 of the Orcish Mines
 19213 | Orc:2    | Found a staircase to the Elven Halls.
 19351 | Orc:2    | Found Bimik's Distillery.
 19415 | Orc:2    | Noticed an orc warlord
 19437 | Orc:2    | Killed an orc warlord
 19689 | Orc:2    | Bought a potion of invisibility for 112 gold pieces
 19689 | Orc:2    | Bought a potion of heal wounds for 70 gold pieces
 19689 | Orc:2    | Bought a potion of agility for 56 gold pieces
 19791 | Orc:2    | Received a gift from Trog
 19861 | Orc:2    | Reached XP level 15. HP: 108/122 MP: 19/19
 19921 | Orc:2    | Got a fine long sword {god gift}
 19922 | Orc:2    | Identified the +13 long sword "Fipnel" {flame, *Contam Dex+10} (Trog gifted it to you on level 2 of the Orcish Mines)
 19963 | Orc:2    | Found a roughly hewn altar of Beogh.
 20017 | Orc:2    | Gained mutation: You are weak. (Str -2) [mutagenic glow]
 20075 | Orc:2    | Found Pitwibes's Weapon Shop.
 20085 | Orc:2    | Found Tiredgh's Food Shoppe.
 20090 | Orc:2    | Found Haluumyu's Assorted Antiques.
 20135 | Orc:2    | Found Intaum's General Store.
 20608 | Orc:2    | Noticed Erolcha
 20614 | Orc:2    | Killed Erolcha
 20885 | Orc:2    | Bought a scroll of enchant armour for 75 gold pieces
 20890 | Orc:2    | Bought a warped chain mail for 266 gold pieces
 20900 | Orc:2    | Identified the cursed +1 chain mail of Hohoef {+Fly rN+ MP+9 Str+2} (You bought it in a shop on level 2 of the Orcish Mines)
 20949 | Elf:1    | Entered Level 1 of the Elven Halls
 21461 | D:13     | Found a gate to the Vaults.
 21479 | D:13     | Reached skill level 10 in Evocations
 21480 | D:13     | Reached skill level 10 in Shields
 21498 | D:13     | Received a gift from Trog
 22073 | D:14     | Noticed Nessos
 22085 | D:14     | Killed Nessos
 23617 | D:15     | Entered Level 15 of the Dungeon
 24132 | D:15     | Noticed a frost giant
 24145 | D:15     | Killed a frost giant
 24371 | D:15     | Found a staircase to the Depths.
 24660 | D:15     | Received a gift from Trog
 25788 | Shoals:1 | Entered Level 1 of the Shoals
 26039 | D:5      | Bought a +3 chain mail of poison resistance for 258 gold pieces
 26283 | Snake:1  | Entered Level 1 of the Snake Pit
 26428 | Snake:1  | Noticed Aizul
 26454 | Snake:1  | Killed Aizul
 26454 | Snake:1  | Reached XP level 16. HP: 131/131 MP: 20/20
 26600 | Snake:1  | Noticed Rupert
 26618 | Snake:1  | Killed Rupert
 26618 | Snake:1  | Reached skill level 15 in Fighting
 26663 | Snake:1  | Noticed Donald
 26702 | Snake:1  | Killed Donald
 26995 | Snake:1  | Found Fautaf's Food Shoppe.
 27583 | Snake:1  | Reached skill level 15 in Armour
 27753 | Snake:1  | Noticed Kirke
 27765 | Snake:1  | Killed Kirke
 28145 | Snake:2  | You fall through a shaft!
 28405 | Snake:2  | Found Echuedwu's Gadget Shop.
 28406 | Snake:2  | Found Xecik's Jewellery Emporium.
 28406 | Snake:2  | Found Bouga's Jewellery Emporium.
 28468 | Snake:2  | Bought the amulet of the Four Winds {rN+ MR+++ Clar} for 614 gold pieces
 28468 | Snake:2  | Found the amulet of the Four Winds {rN+ MR+++ Clar}
 28474 | Snake:2  | Bought a wand of iceblast (10) for 224 gold pieces
 28818 | Snake:2  | Found Magyc's Distillery.
 29685 | Snake:3  | Received a gift from Trog
 31847 | Snake:3  | Got a faintly glowing double sword {god gift}
 31848 | Snake:3  | Identified the +12 double sword "Kurr" {elec, *Corrode rF+ Dex+5} (Trog gifted it to you on level 3 of the Snake Pit)
 31884 | Snake:4  | Entered Level 4 of the Snake Pit
 32187 | Snake:4  | Found a frozen archway.
 32194 | IceCv    | Entered an ice cave
 32500 | IceCv    | Noticed an Ice Fiend
 32545 | IceCv    | Noticed an Ice Fiend
 32546 | IceCv    | Killed from afar by an Ice Fiend

Skill      XL: |  1  2  3  4  5  6  7  8  9 10 11 12 13 14 15 16 |
---------------+-------------------------------------------------+-----
Fighting       | 4 5 6 7 8 10 11 12 13 14 15 | 15.9
Maces & Flails | 4 5 6 |  6.2
Armour         | 3 4 5 7 8 9 10 11 12 13 14 15 | 15.7
Dodging        | 3 4 5 6 7 8 9 11 12 13 14 | 14.6
Long Blades    | 1 4 7 8 9 11 12 13 14 | 14.0
Evocations     | 2 4 6 7 8 9 10 11 | 11.6
Shields        | 1 7 9 11 12 | 12.5

Action                   |  1- 3 |  4- 6 |  7- 9 | 10-12 | 13-15 | 16-18 || total
-------------------------+-------+-------+-------+-------+-------+-------++-------
Melee: Mace              |    79 |    52 |       |       |       |       ||   131
       Headbutt          |    14 |    15 |    29 |   164 |   399 |   152 ||   773
       Flail             |       |    35 |       |       |       |       ||    35
       Falchion          |       |    23 |   147 |   484 |   757 |   431 ||  1842
       Scimitar          |       |       |       |    20 |   268 |    74 ||   362
       Demon blade       |       |       |       |     2 |   111 |       ||   113
       Triple sword      |       |       |       |       |     8 |       ||     8
       Long sword        |       |       |       |       |     4 |       ||     4
Invok: Berserk           |       |     3 |     3 |    10 |    13 |     5 ||    34
       Trog's Hand       |       |     1 |     2 |     3 |     6 |     2 ||    14
       Burn Spellbooks   |       |       |       |     1 |     1 |     2 ||     4
       Brothers in Arms  |       |       |       |     1 |     8 |     6 ||    15
Evoke: Wand              |       |       |       |     3 |    27 |    22 ||    52
  Use: Scroll            |     2 |     5 |     8 |     8 |    20 |    11 ||    54
       Potion            |       |       |       |     1 |     3 |     8 ||    12
 Stab: Paralysed         |       |       |       |       |     2 |       ||     2
  Eat: Chunk             |     1 |     9 |     9 |    22 |    58 |    12 ||   111
       Ration            |       |       |     2 |     5 |       |     3 ||    10
Armor: Animal skin       |     7 |       |       |       |       |       ||     7
       Chain mail        |    10 |       |       |       |     2 |   107 ||   119
       Scale mail        |    14 |    43 |    28 |       |       |       ||    85
       Plate armour      |       |       |    19 |   195 |   355 |       ||   569
       Skin              |       |       |       |       |    12 |       ||    12
Dodge: Dodged            |    36 |    51 |    63 |   261 |   546 |   183 ||  1140
Block: Buckler           |       |       |       |     1 |   279 |       ||   280
       Shield            |       |       |       |       |   141 |   284 ||   425
       Rpst.: Falchion   |       |     1 |    16 |    60 |   107 |    38 ||   222
       Scimitar          |       |       |       |       |    12 |     6 ||    18
       Demon blade       |       |       |       |       |     6 |       ||     6
       Long sword        |       |       |       |       |     1 |       ||     1
